 Dungeon Crawl Stone Soup version 0.29.1-13-g9f3cf754e1 (webtiles) character file.

Game seed: 13109417688295363233

676 javelincjr the Gusty (level 7, -3/52 HPs)
             Began as a Grey Draconian Air Elementalist on Jan 25, 2023.
             Slain by an orc
             ... wielding a +5 dagger
              (8 damage)
             ... on level 5 of the Dungeon on Jan 26, 2023.
             The game lasted 00:21:06 (4711 turns).

javelincjr the Gusty (DrAE)                         Turns: 4711, Time: 00:21:07

Health: -3/52      AC: 13    Str: 10    XL:     7   Next: 33%
Magic:  12/12      EV: 13    Int: 17    God:
Gold:   293        SH:  0    Dex: 18    Spells: 7/13 levels left

rFire   . . .      SeeInvis +   w - +7 flail "Siemosh" {vorpal, Fragile rPois SInv}
rCold   . . .      Faith    .   (no shield)
rNeg    . . .      Spirit   .   (body armour unavailable)
rPois   +          Reflect  .   (helmet restricted)
rElec   .          Harm     .   v - +0 cloak
rCorr   +          Rampage  .   (no gloves)
Will    .....                   p - +0 pair of boots
Stlth   ++........              (no amulet)
HPRegen 0.17/turn               g - +6 ring of dexterity
MPRegen 0.13/turn               n - ring of resist corrosion

@: no status effects
A: AC +11, amphibious, unfitting armour, cold-blooded
a: no special abilities


You were on level 5 of the Dungeon.
You visited 1 branch of the dungeon, and saw 5 of its levels.

You collected 293 gold pieces.

Inventory:

Hand Weapons
 d - a +0 dagger
 u - a +4 quarterstaff of chaos
 w - the +7 flail "Siemosh" (weapon) {vorpal, Fragile rPois SInv}
   (You found it on level 3 of the Dungeon)

   It inflicts extra damage upon your enemies.
   rPois:     It protects you from poison.
   SInv:      It lets you see invisible.
   Fragile:   It will be destroyed if unequipped.
 A - a +0 vorpal shortbow
Missiles
 a - 3 silver boomerangs
 b - 80 stones
 j - 5 poisoned darts
Armour
 p - a +0 pair of boots (worn)
 v - a +0 cloak (worn)
Magical Staves
 o - a staff of death
Jewellery
 g - a +6 ring of dexterity (left hand)
 n - a ring of resist corrosion (right hand)
Scrolls
 c - a scroll of fear {unknown}
 e - a scroll of vulnerability {unknown}
 f - 3 scrolls of identify {unknown}
 h - 2 scrolls of immolation {unknown}
 q - 3 scrolls of teleportation {unknown}
 x - a scroll of torment {unknown}
 y - a scroll of fog {unknown}
Potions
 i - a potion of mutation {unknown}
 k - 3 potions of heal wounds {unknown}
 l - 5 potions of curing {unknown}
 m - 3 potions of ambrosia {unknown}
 r - a potion of cancellation {unknown}
 s - a potion of lignification {unknown}
 t - a potion of attraction {unknown}
 z - a potion of haste {unknown}
 B - a potion of degeneration {unknown}


   Skills:
 + Level 1.4 Fighting
 + Level 0.2 Short Blades
 + Level 2.8 Maces & Flails
 + Level 3.0 Dodging
 + Level 2.7 Stealth
 + Level 3.9 Spellcasting
 + Level 3.1 Conjurations
 + Level 4.0 Air Magic


You had 7 spell levels left.
You knew the following spells:

 Your Spells              Type           Power      Damage    Failure   Level
a - Shock                 Conj/Air       60%        1d6       3%          1
b - Static Discharge      Conj/Air       15%        3-5/arc   5%          2
c - Swiftness             Air            17%        N/A       9%          3

Your spell library contained the following spells:

 Spells                   Type           Power      Damage    Failure   Level
 Airstrike                Air            8%         2d(2-18)  30%         4


Dungeon Overview and Level Annotations

Branches:
Dungeon (5/15)
 Temple: D:4-7

Altars:
Elyvilon
Gozag
Kikubaaqudgha


Innate Abilities, Weirdness & Mutations

Your dull iron-grey scales are very hard. (AC +11)
You are amphibious.
You cannot fit into any form of body armour.
You are cold-blooded and may be slowed by cold attacks.


Message History

The orc hits you but does no damage. The orc misses you.
The orc closely misses you. The orc hits you with a +0 club.
* * * LOW HITPOINT WARNING * * *
The orc closely misses you. The orc barely misses you.
The orc hits you but does no damage. The orc hits you with a +0 club.
* * * LOW HITPOINT WARNING * * *
The orc hits you with a +5 dagger.
* * * LOW HITPOINT WARNING * * *
The orc hits you but does no damage. The orc closely misses you. x2
The orc barely misses you. x2; The orc hits you with a +5 dagger.
* * * LOW HITPOINT WARNING * * *
The orc hits you but does no damage. The orc closely misses you.
The orc barely misses you. The orc hits you but does no damage.
The orc hits you with a +0 club.
* * * LOW HITPOINT WARNING * * *
The orc barely misses you. The orc misses you.
The orc hits you but does no damage. The orc barely misses you.
The orc closely misses you. The orc hits you but does no damage. x2
The orc closely misses you. The orc hits you but does no damage. x2
The orc hits you but does no damage. x2; The orc closely misses you.
The orc barely misses you. The orc misses you. The orc closely misses you.
The orc closely misses you. The orc hits you but does no damage. x2
The orc completely misses you. x2; The orc hits you but does no damage.
The orc barely misses you. The orc hits you but does no damage. x2
The orc closely misses you. The orc barely misses you.
The orc hits you but does no damage. The orc hits you but does no damage.
The orc misses you. The orc barely misses you. The orc barely misses you.
The orc hits you but does no damage. The orc closely misses you.
The orc misses you. x2; The orc hits you but does no damage.
The orc hits you but does no damage. The orc barely misses you.
The orc hits you with a +5 dagger.
* * * LOW HITPOINT WARNING * * *
The orc misses you. The orc hits you but does no damage. x2
The orc closely misses you. The orc completely misses you.
The orc hits you with a +5 dagger!
You die...

........########.....###
.######.................
#..#######.....###
####...# ##.####
#....#.# #.# #.##>..#
#.# # #.### #+#
.###.##o# .....ho@#
####.##o# # ... .....
.#...## #.##.## # ###


You could see a hound and 3 orcs.

Vanquished Creatures
  A centaur (D:5)
  A scorpion (D:4)
  A howler monkey (D:4)
  2 hounds (D:5)
  3 orc priests
  A jelly (D:5)
  Crazy Yiuf (D:2)
  A gnoll bouda (D:4)
  Jessica (D:2)
  An iguana (D:5)
  6 gnolls
  6 adders
  2 ufetubi (D:4)
  A dart slug (D:2)
  10 orcs
  A ball python (D:1)
  7 bats
  10 endoplasms
  5 giant cockroaches
  6 goblins
  5 hobgoblins
  3 jackals (D:4)
  6 kobolds
  2 quokkas
  3 frilled lizards
  4 rats
90 creatures vanquished.

Vanquished Creatures (others)
  3 fungi (D:5)
  47 plants (D:5)
50 creatures vanquished.

Grand Total: 140 creatures vanquished

Notes
Turn   | Place    | Note
-------+----------+-------------------------------------------
     0 | D:1      | javelincjr the Draconian Air Elementalist began the quest
                  | for the Orb.
     0 | D:1      | Reached XP level 1. HP: 14/14 MP: 3/3
   114 | D:1      | Found a faded altar of an unknown god.
   249 | D:1      | Found Litoamiq's Assorted Antiques.
   306 | D:1      | Reached XP level 2. HP: 20/20 MP: 0/5
   678 | D:1      | Learned a level 2 spell: Static Discharge
  1463 | D:2      | Found a runed translucent door.
  1464 | D:2      | Noticed Crazy Yiuf
  1504 | D:2      | Reached XP level 3. HP: 26/26 MP: 1/6
  1611 | D:2      | Noticed Jessica
  1616 | D:2      | Killed Jessica
  1970 | D:2      | Killed Crazy Yiuf
  1971 | D:2      | Reached skill level 4 in Air Magic
  1971 | D:2      | Reached XP level 4. HP: 9/33 MP: 2/7
  2262 | D:3      | Identified the +7 flail "Siemosh" {vorpal, Fragile rPois
                  | SInv}
  2283 | D:3      | Found an ancient bone altar of Kikubaaqudgha.
  3044 | D:4      | Reached XP level 5. HP: 38/38 MP: 6/9
  3074 | D:4      | Reached skill level 1 in Maces & Flails
  3308 | D:4      | Reached XP level 6. HP: 35/46 MP: 10/10
  3610 | D:4      | Found an opulent altar of Gozag.
  3634 | D:4      | Reached skill level 1 in Fighting
  4011 | D:5      | Entered Level 5 of the Dungeon
  4115 | D:5      | Your scales start taking on a dull iron-grey colour.
  4115 | D:5      | Reduced skill Air Magic to level 3
  4115 | D:5      | Reached XP level 7. HP: 23/52 MP: 4/12
  4448 | D:5      | Reached skill level 4 in Air Magic
  4452 | D:5      | Learned a level 3 spell: Swiftness
  4538 | D:5      | Found a white marble altar of Elyvilon.
  4711 | D:5      | Slain by an orc

Illustrated notes

Levels and vault maps discovered:
D:1:      minmay_arrival_shattered_statue, layout_rooms, serial_shops, shop,
          nicolae_ecumenical_lake_church
D:2:      layout_basic, uniq_crazy_yiuf_cottage, uniq_jessica
D:3:      layout_basic, kiku_gazebo_garden_becter
D:4:      layout_rooms, grunt_gozag_statues
D:5:      layout_loops_corners, kennysheep_mini_moat,
          mainiacjoe_overflow_small_starburst, serial_aquarium,
          aquarium_bridge_square [aquarium_subvault_bridge,
          aquarium_subvault_wall, aquarium_subvault_wall,
          aquarium_subvault_balcony], aquarium_window_fake,
          aquarium_window_fake, aquarium_window_1, aquarium_window_fake,
          aquarium_view_2b, aquarium_balcony_3b, roderic_nine_men_s_morris,
          corexii_leaking_fountain, kb_lookout_dungeons_type,
          serial_bayou_lagoon_a, minivault_11

Skill      XL: |  1  2  3  4  5  6  7 |
---------------+----------------------+-----
Dodging        | 2 3 |  3.0
Stealth        | 2 |  2.7
Air Magic      | 4 3 4 |  4.0
Conjurations   | 2 3 |  3.1
Spellcasting   | 3 |  3.9
Maces & Flails | 1 2 |  2.8
Fighting       | 1 |  1.4
Short Blades   | |  0.2

Action                   |  1- 3 |  4- 6 |  7- 9 || total
-------------------------+-------+-------+-------++-------
Melee: Dagger            |    15 |       |       ||    15
       Tailslap          |     2 |     2 |     7 ||    11
       Flail             |       |    50 |    22 ||    72
       Punch             |       |     2 |     1 ||     3
 Cast: Shock             |    67 |    90 |    17 ||   174
       Static Discharge  |     3 |     6 |       ||     9
  Use: Potion            |       |     1 |       ||     1
 Stab: Sleeping          |       |     3 |       ||     3
Armor: Skin              |    13 |    27 |    54 ||    94
Dodge: Dodged            |    21 |    67 |    93 ||   181
